[Event "Titled Tuesday Blitz October 18 Late 2022"]
[White "Naroditsky, Daniel"]
[Black "Amburgy, Ryan"]
[WhiteFideId "2026961"]
[BlackFideId "30924820"]
[WhiteElo "2628"]
[BlackElo "2121"]
[Result "1-0"]
[Round "10"]
[TimeControl "180+1"]
[Date "2022.10.18"]
[WhiteClock "0:00:11"]
[BlackClock "0:00:35"]

1. Nf3 d5 2. d4 Nf6 3. Bf4 Bf5 4. e3 e6 5. c4 dxc4 6. Bxc4 Bd6 7. Bg3 O-O 8. Nc3 Nbd7 9. O-O Bxg3 10. hxg3 Ne4 11. Nh4 Nxc3 12. bxc3 Bg6 13. Nxg6 hxg6 14. Rb1 Nb6 15. Be2 Qe7 16. Bf3 c5 17. a4 cxd4 18. cxd4 Rac8 19. Rb5 Rfd8 20. Qb3 Rc7 21. Qb4 Qxb4 22. Rxb4 Nd5 23. Rb5 b6 24. a5 Nc3 25. axb6 Nxb5 26. bxc7 Nxc7 27. Rb1 Nd5 28. Rb7 Ra8 29. e4 Nb6 30. d5 exd5 31. exd5 Rd8 32. Rxa7 Nxd5 33. Be2 Kf8 34. Bc4 Ne7 35. g4 f6 36. f3 g5 37. Be6 Rb8 38. Kf2 g6 39. Ke3 Rb2 40. g3 Rb6 41. Bc4 Rd6 42. Ra8+ Kg7 43. Re8 Rd7 44. Be6 Rc7 45. Kd4 Nc6+ 46. Kd5 Ne5 47. f4 gxf4 48. gxf4 Nd3 49. f5 gxf5 50. gxf5 Ra7 51. Rg8+ Kh7 52. Rg1 Nf4+ 53. Kd6 Kh6 54. Rg4 Ra4 55. Bd7 Rd4+ 56. Kc6 Kh5 57. Rg8 Ne2 58. Rg6 Nf4 59. Rxf6 Kg5 60. Rf8 Rd5 61. f6 Kg6 62. Be8+ Kh7 63. f7 Rf5 64. Rg8 Ne6 65. Kd6 1-0


[Site "https://www.chess.com"]

[Event "Titled Tuesday Blitz October 18 Late 2022"]
[White "Noboa Silva, Kevin"]
[Black "Rangel, Daniel"]
[WhiteFideId "3618471"]
[BlackFideId "2124475"]
[WhiteElo "2178"]
[BlackElo "2225"]
[Result "1/2-1/2"]
[Round "10"]
[TimeControl "180+1"]
[Date "2022.10.19"]
[WhiteClock "0:00:21"]
[BlackClock "0:00:03"]

1. d4 Nf6 2. c4 e6 3. Nc3 d5 4. cxd5 exd5 5. Bg5 c6 6. e3 Be6 7. Bd3 Bd6 8. Nge2 Nbd7 9. Qc2 a6 10. Nf4 Bxf4 11. Bxf4 O-O 12. h3 c5 13. dxc5 Nxc5 14. O-O Nxd3 15. Qxd3 h6 16. Be5 Nd7 17. Bd4 Qg5 18. Kh1 Rac8 19. Rfd1 Rc6 20. Ne2 Ne5 21. Bxe5 Qxe5 22. Qd4 Qxd4 23. Nxd4 Rc7 24. Rd2 Rfc8 25. Rad1 Rc1 26. Kh2 Kf8 27. Rxc1 Rxc1 28. Ne2 Rc5 29. Kg3 Ke7 30. Nd4 g6 31. h4 h5 32. Kf4 Kf6 33. a3 Rc4 34. Rc2 b5 35. b3 Rxc2 36. Nxc2 Ke7 37. b4 f6 38. Nd4 Bc8 39. f3 Kd6 40. g4 hxg4 41. fxg4 Ke7 42. Nb3 Kf7 43. Nc5 Kg7 44. g5 Kf7 45. Kf3 Ke7 46. Ke2 fxg5 47. hxg5 Kd6 48. Nd3 Ke6 49. Nf4+ Kf5 50. Nxd5 Kxg5 51. e4 Bb7 52. Nc3 Kf4 53. Kd3 g5 54. Ne2+ Ke5 55. Nc3 g4 56. Ke3 g3 57. Kf3 Bxe4+ 58. Kxg3 Kd4 59. Ne2+ Kc4 60. Kf4 Bb7 61. Nc1 Kc3 62. Ke3 Kb2 63. Nd3+ Kxa3 64. Kd4 Kb3 65. Kc5 Ka4 66. Kb6 Be4 67. Nc5+ Kxb4 68. Nxe4 Kc4 69. Kxa6 b4 70. Ka5 Kd3 71. Nc5+ Kc4 72. Ne4 b3 73. Ka4 b2 74. Nd2+ Kc3 75. Nb1+ Kc2 76. Na3+ Kc1 77. Kb3 b1=N 1/2-1/2


[Site "https://www.chess.com"]

[Event "Titled Tuesday Blitz October 18 Late 2022"]
[White "Ozen, Batuhan"]
[Black "Shapiro, Daniel"]
[WhiteFideId "6345123"]
[BlackFideId "2001780"]
[WhiteElo "2393"]
[BlackElo "2213"]
[Result "0-1"]
[Round "10"]
[TimeControl "180+1"]
[Date "2022.10.19"]
[WhiteClock "0:00:04"]
[BlackClock "0:00:18"]

1. d4 Nf6 2. Nc3 d5 3. Bg5 Nbd7 4. f3 c5 5. e4 cxd4 6. Qxd4 e5 7. Qa4 d4 8. Nd5 Bd6 9. Bxf6 gxf6 10. Ne2 Kf8 11. Ng3 Nb6 12. Nxb6 Qxb6 13. Qb3 Qa5+ 14. Kf2 Be6 15. Bc4 Qd2+ 16. Kf1 Rc8 17. Bxe6 Rxc2 18. Qxc2 Qxc2 19. Bb3 Qxb2 20. Rd1 Bc5 21. Rd3 b5 22. Ne2 a5 23. Kf2 a4 24. Bd5 Ke7 25. Rc1 Bd6 26. Rc6 Rb8 27. Ra6 Qc2 28. Ra7+ Kd8 29. Ra6 Be7 30. Rxd4 exd4 31. Kg3 d3 32. Nd4 Qc1 33. Bxf7 Qc7+ 34. f4 d2 35. Ne6+ Kc8 36. Nxc7 Kxc7 37. Ra7+ Kd8 38. Be6 d1=Q 39. Rd7+ Qxd7 40. Bxd7 Kxd7 41. Kg4 b4 42. Kf5 b3 43. e5 fxe5 44. fxe5 bxa2 45. e6+ Kd6 0-1


[Site "https://www.chess.com"]

[Event "Titled Tuesday Blitz October 18 Late 2022"]
[White "Pakleza, Zbigniew"]
[Black "Prydun, Andriy"]
[WhiteFideId "1119290"]
[BlackFideId "14145898"]
[WhiteElo "2411"]
[BlackElo "2163"]
[Result "1-0"]
[Round "10"]
[TimeControl "180+1"]
[Date "2022.10.18"]
[WhiteClock "0:01:54"]
[BlackClock "0:00:50"]

1. d4 Nf6 2. Nf3 c5 3. c3 e6 4. Bf4 Qb6 5. Qb3 Nc6 6. e3 Qa5 7. Nbd2 d5 8. Be2 Be7 9. h3 O-O 10. O-O a6 11. Ne5 Ra7 12. Qd1 Bd7 13. Bg5 Re8 14. Bxf6 gxf6 15. Nxd7 b6 16. Nb3 Qa4 17. Nxb6 1-0


[Site "https://www.chess.com"]

[Event "Titled Tuesday Blitz October 18 Late 2022"]
[White "Pap, Gyula"]
[Black "Al-Tarboush, Ward"]
[WhiteFideId "725323"]
[BlackFideId "7601450"]
[WhiteElo "2519"]
[BlackElo "2269"]
[Result "0-1"]
[Round "10"]
[TimeControl "180+1"]
[Date "2022.10.18"]
[WhiteClock "0:02:37"]
[BlackClock "0:02:33"]

1. b3 e5 2. Bb2 Nc6 3. e3 Nf6 4. Bb5 Bd6 5. Na3 Na5 6. Be2 a6 7. c4 Qe7 8. Nb1 b5 9. cxb5 axb5 10. Bxb5 Bb7 11. Nf3 O-O 12. O-O e4 13. Nd4 Qe5 14. g3 c5 0-1


[Site "https://www.chess.com"]

[Event "Titled Tuesday Blitz October 18 Late 2022"]
[White "Papayan, Oleg"]
[Black "Gabrielian, Artur"]
[WhiteFideId "4193911"]
[BlackFideId "4131002"]
[WhiteElo "2153"]
[BlackElo "2432"]
[Result "0-1"]
[Round "10"]
[TimeControl "180+1"]
[Date "2022.10.18"]
[WhiteClock "0:00:01"]
[BlackClock "0:00:49"]

1. e4 c5 2. Nf3 d6 3. d4 cxd4 4. Nxd4 Nf6 5. Nc3 Nc6 6. Bg5 e6 7. Qd2 a6 8. O-O-O Bd7 9. f4 Be7 10. Kb1 h6 11. Bh4 b5 12. a3 Nxd4 13. Qxd4 Bc6 14. Bd3 Rb8 15. Rhe1 Qb6 16. Qxb6 Rxb6 17. e5 dxe5 18. fxe5 Nd7 19. Bxe7 Kxe7 20. Be4 Bxe4 21. Rxe4 Rc8 22. h4 Rc5 23. Rde1 a5 24. h5 Rbc6 25. Rg4 Kf8 26. Rge4 Ke7 27. Rg4 Nxe5 28. Rxg7 Nc4 29. g4 b4 30. axb4 axb4 31. Ne4 Re5 32. Kc1 b3 33. c3 Ra6 34. Kd1 Ra1+ 0-1


[Site "https://www.chess.com"]

[Event "Titled Tuesday Blitz October 18 Late 2022"]
[White "Paravyan, David"]
[Black "Holt, Conrad"]
[WhiteFideId "4194985"]
[BlackFideId "2034387"]
[WhiteElo "2555"]
[BlackElo "2592"]
[Result "1-0"]
[Round "10"]
[TimeControl "180+1"]
[Date "2022.10.18"]
[WhiteClock "0:01:13"]
[BlackClock "0:00:15"]

1. e4 e6 2. d4 d5 3. Nc3 Nf6 4. Bg5 dxe4 5. Nxe4 Be7 6. Nxf6+ Bxf6 7. Bxf6 Qxf6 8. c3 Nc6 9. Qf3 Qe7 10. Qg3 O-O 11. Nf3 e5 12. dxe5 Re8 13. O-O-O Bf5 14. Bc4 Qc5 15. Qf4 b5 16. Bxf7+ Kxf7 17. Qxf5+ Kg8 18. Ng5 Qxe5 19. Qxh7+ Kf8 20. Qh8+ Ke7 21. Qh4 Qf5 22. Rhe1+ Kf6 23. Ne6+ Kf7 24. Rd7+ Re7 25. Rxe7+ Nxe7 26. Nd8+ Kg8 27. Qxe7 Qf4+ 28. Re3 Qxf2 29. Qe8+ 1-0


[Site "https://www.chess.com"]

[Event "Titled Tuesday Blitz October 18 Late 2022"]
[White "Petrovic, Aleksa"]
[Black "Brown, Andrew"]
[WhiteFideId "967629"]
[BlackFideId "3206513"]
[WhiteElo "2242"]
[BlackElo "2245"]
[Result "1-0"]
[Round "10"]
[TimeControl "180+1"]
[Date "2022.10.19"]
[WhiteClock "0:00:49"]
[BlackClock "0:00:17"]

1. d4 g6 2. c4 Bg7 3. e4 d6 4. Nc3 Nd7 5. Nf3 e5 6. Be2 Ne7 7. O-O O-O 8. h3 c6 9. Be3 a5 10. Qd2 exd4 11. Bxd4 Ne5 12. Rad1 Be6 13. Nxe5 dxe5 14. Bc5 Qxd2 15. Rxd2 Rfe8 16. Na4 Nc8 17. b3 Bf8 18. Bxf8 Kxf8 19. Rfd1 b6 20. Bg4 Ke7 21. Bxe6 Kxe6 22. Rd8 Rxd8 23. Rxd8 Ke7 24. Rh8 h5 25. Kf1 b5 26. cxb5 cxb5 27. Nc3 b4 28. Nd5+ Kd6 29. Rd8+ Kc5 30. Rf8 Nb6 31. Nxb6 Rxf8 32. Nd7+ Kd4 33. Nxf8 Kc3 34. Nd7 Kb2 35. Nc5 1-0


[Site "https://www.chess.com"]

[Event "Titled Tuesday Blitz October 18 Late 2022"]
[White "Phillips, Rene"]
[Black "Broca Jimenez, Fernando"]
[WhiteFideId "2056275"]
[BlackFideId "5104742"]
[WhiteElo "2003"]
[BlackElo "2062"]
[Result "0-1"]
[Round "10"]
[TimeControl "180+1"]
[Date "2022.10.19"]
[WhiteClock "0:00:02"]
[BlackClock "0:00:44"]

1. Nf3 c5 2. b3 Nf6 3. e3 g6 4. Bb2 Bg7 5. Be2 O-O 6. O-O Nc6 7. d4 cxd4 8. Nxd4 d5 9. c4 dxc4 10. Bxc4 Nxd4 11. Bxd4 Bf5 12. Nd2 Rc8 13. Nf3 Qa5 14. a3 Rfd8 15. b4 Qc7 16. Rc1 Qb8 17. Qb3 e6 18. Be5 Qa8 19. Nh4 Ne4 20. Bxg7 Kxg7 21. Nxf5+ gxf5 22. Qb2+ Kg8 23. Bb3 Rd2 24. Qa1 Rxc1 25. Qxc1 Qd8 26. f3 Nf6 27. Qc5 Qd3 28. Bc4 Qc2 29. Qc8+ Kg7 30. Kh1 b5 31. Rg1 Qxc4 0-1


[Site "https://www.chess.com"]

[Event "Titled Tuesday Blitz October 18 Late 2022"]
[White "Poliakova, Varvara"]
[Black "Sanchez, Robert"]
[WhiteFideId "13518313"]
[BlackFideId "2034360"]
[WhiteElo "1938"]
[BlackElo "2395"]
[Result "1-0"]
[Round "10"]
[TimeControl "180+1"]
[Date "2022.10.19"]
[WhiteClock "0:00:59"]
[BlackClock "0:00:12"]

1. e4 e6 2. d4 d5 3. e5 c5 4. c3 Nc6 5. a3 f6 6. Nf3 Qc7 7. Bf4 fxe5 8. Nxe5 Nxe5 9. Bxe5 Qf7 10. Bb5+ Bd7 11. Bxd7+ Qxd7 12. Nd2 Nf6 13. O-O cxd4 14. cxd4 Be7 15. Nb3 O-O 16. Nc5 Bxc5 17. dxc5 Ne4 18. Qd4 Rac8 19. b4 Rf7 20. f3 Nf6 21. a4 Qc6 22. Rfc1 a6 23. Rc3 Nd7 24. Bd6 Re8 25. Rd3 b6 26. Rc1 bxc5 27. bxc5 Nf6 28. Rb3 Nh5 29. Rb6 Qa8 30. Rcb1 e5 31. Qh4 Nf6 32. Rb8 Qc6 33. Rxe8+ Nxe8 34. Rb8 h6 35. Qd8 Kh7 36. Qxe8 Qxa4 37. Qxe5 Qd1+ 38. Kf2 Qd2+ 39. Kg3 Rf6 40. Kh3 Rg6 41. g3 Qf2 42. Qxd5 Qf1+ 43. Kh4 Qg2 44. Qg8# 1-0


[Site "https://www.chess.com"]

[Event "Titled Tuesday Blitz October 18 Late 2022"]
[White "Pranav, V"]
[Black "Becerra, Juan David"]
[WhiteFideId "25060783"]
[BlackFideId "4404998"]
[WhiteElo "2430"]
[BlackElo "2278"]
[Result "1-0"]
[Round "10"]
[TimeControl "180+1"]
[Date "2022.10.18"]
[WhiteClock "0:02:53"]
[BlackClock "0:00:34"]

1. Nf3 d5 2. g3 Nf6 3. Bg2 Bg4 4. O-O Nbd7 5. d3 e5 6. Nbd2 Be7 7. e4 dxe4 8. dxe4 O-O 9. h3 Bxf3 10. Qxf3 Nc5 11. Rd1 c6 12. Nc4 Qc7 13. Qe2 Rad8 14. Bd2 Ne6 15. c3 b5 16. Ne3 Bc5 17. Nf5 Rfe8 18. a4 a6 19. axb5 axb5 20. b4 Bb6 21. h4 Rd7 22. Bg5 Nxg5 23. hxg5 Rxd1+ 24. Rxd1 Nd7 25. Qg4 Nf8 26. Bf1 Rd8 27. c4 Rxd1 28. Qxd1 bxc4 29. Bxc4 Ne6 30. Kg2 Nd4 31. Qg4 Ba7 32. Nh6+ gxh6 33. gxh6+ Kf8 34. Qg7+ Ke8 35. Qxh7 Qe7 36. Qg8+ Kd7 37. h7 1-0


[Site "https://www.chess.com"]

[Event "Titled Tuesday Blitz October 18 Late 2022"]
[White "Przybylski, Wojciech"]
[Black "Aldokhin, Ivan"]
[WhiteFideId "1117599"]
[BlackFideId "24115720"]
[WhiteElo "2221"]
[BlackElo "2313"]
[Result "1-0"]
[Round "10"]
[TimeControl "180+1"]
[Date "2022.10.19"]
[WhiteClock "0:00:15"]
[BlackClock "0:00:03"]

1. e4 c5 2. Nf3 e6 3. d4 cxd4 4. Nxd4 a6 5. Bd3 Qc7 6. O-O Nf6 7. Re1 Bd6 8. h3 Nc6 9. Nxc6 dxc6 10. Nd2 b5 11. a4 Bb7 12. c4 b4 13. a5 O-O-O 14. c5 Bh2+ 15. Kh1 Rxd3 16. Qe2 Rhd8 17. Nc4 Be5 18. f4 Bxf4 19. e5 Bxc1 20. Nd6+ R3xd6 21. cxd6 Qd7 22. Raxc1 Nd5 23. Rc5 f6 24. Rec1 fxe5 25. Rxc6+ Kb8 26. Rc7 Qxd6 27. Rxg7 Nf4 28. Qe3 Nd5 29. Qf3 e4 30. Qf7 Qe7 31. Qxe7 Nxe7 32. Rxe7 Rd2 33. Rcc7 Bd5 34. Rcd7 Kc8 35. Ra7 e3 36. Re8# 1-0


[Site "https://www.chess.com"]

[Event "Titled Tuesday Blitz October 18 Late 2022"]
[White "Romero Ruscalleda, Josep"]
[Black "Dzierzak, Radoslaw"]
[WhiteFideId "2231859"]
[BlackFideId "1161407"]
[WhiteElo "2316"]
[BlackElo "2111"]
[Result "1-0"]
[Round "10"]
[TimeControl "180+1"]
[Date "2022.10.19"]
[WhiteClock "0:00:58"]
[BlackClock "0:00:24"]

1. e4 c5 2. c3 d5 3. exd5 Qxd5 4. d4 Nc6 5. Nf3 Bf5 6. Be3 e6 7. Nbd2 cxd4 8. Nxd4 Nxd4 9. Bxd4 Ne7 10. Qb3 Qxb3 11. axb3 Nc6 12. Bb5 Bd6 13. Rxa7 Ke7 14. Rxb7+ Kd8 15. O-O Nxd4 16. cxd4 Kc8 17. Rxf7 Rb8 18. Rc1+ Kd8 19. Rd7+ Ke8 20. Rxd6+ Ke7 21. Rd7+ Kf6 22. Bc4 Ra8 23. f3 Ra2 24. Ne4+ Kg6 25. g4 Bxe4 26. fxe4 Rxb2 27. Bxe6 Kg5 28. Rxg7+ Kf4 29. d5 Ra8 30. Rf7+ Ke3 31. Re1+ Kd4 32. Rf2 Rxb3 33. d6 Rd3 34. d7 Ke5 35. Bf5 Raa3 36. Kg2 Rac3 37. Rb1 Rc5 38. Rb8 h5 39. gxh5 Rc1 40. d8=Q Rxd8 41. Rxd8 Ra1 42. Rd5+ Kf6 43. Bg6+ Kg7 44. Rf7+ Kh6 45. Rh7# 1-0


[Site "https://www.chess.com"]

[Event "Titled Tuesday Blitz October 18 Late 2022"]
[White "Roque Sola, Gisela"]
[Black "Izuzquiza Gonzalez, Javier"]
[WhiteFideId "5120241"]
[BlackFideId "3101029"]
[WhiteElo "1961"]
[BlackElo "2034"]
[Result "0-1"]
[Round "10"]
[TimeControl "180+1"]
[Date "2022.10.19"]
[WhiteClock "0:00:01"]
[BlackClock "0:00:02"]

1. e4 c5 2. Nf3 e6 3. d4 cxd4 4. Nxd4 a6 5. Nc3 Qc7 6. a3 Nf6 7. Be3 b5 8. f4 d6 9. Qf3 Bb7 10. Bd3 Nbd7 11. O-O Be7 12. Qg3 Nc5 13. e5 Nh5 14. Qh3 g6 15. exd6 Qxd6 16. Rad1 Qc7 17. Nf3 Nxd3 18. cxd3 Nxf4 19. Qg4 Nd5 20. Nxd5 Bxd5 21. Rc1 Qd8 22. Ne5 Bf6 23. Nxf7 Kxf7 24. Bd4 Rc8 25. Rxc8 Qxc8 26. Bxf6 Re8 27. Qh4 Kg8 28. Qh6 Qd7 29. Be5 Ba8 30. d4 Qb7 31. Rf2 Rc8 32. h4 Qd7 33. h5 Be4 34. hxg6 Bxg6 35. Kh2 Re8 36. Rf6 Rc8 37. Rxg6+ hxg6 38. Qxg6+ Kf8 39. Qh6+ Ke8 40. Qh8+ Ke7 41. Qg7+ Kd8 42. Qf8+ Qe8 43. Qd6+ Qd7 44. Bf6+ Ke8 45. Qe5 Qh7+ 46. Kg3 Qf7 47. Bg5 Qf5 48. Qh8+ Kd7 49. Qg7+ Kc6 50. Bf4 Qf8 51. Qe5 Kb7 52. Qxe6 Qe8 53. Qd5+ Qc6 54. Qxc6+ Rxc6 55. d5 Rc2 56. d6 Rc4 57. Kg4 Rd4 58. Kf5 Kc8 59. g4 Kd7 60. g5 Rd1 61. g6 Rg1 62. Kf6 Ke8 63. g7 Rg4 64. Be5 Rg1 65. Ke6 Rg6+ 0-1


[Site "https://www.chess.com"]

[Event "Titled Tuesday Blitz October 18 Late 2022"]
[White "Rosen, Eric"]
[Black "Lizak, Peter"]
[WhiteFideId "2032562"]
[BlackFideId "731595"]
[WhiteElo "2362"]
[BlackElo "2420"]
[Result "1-0"]
[Round "10"]
[TimeControl "180+1"]
[Date "2022.10.18"]
[WhiteClock "0:00:28"]
[BlackClock "0:00:04"]

1. d4 Nf6 2. Bf4 c5 3. e3 d5 4. Nf3 Nc6 5. Nbd2 g6 6. dxc5 Bg7 7. c3 O-O 8. Be2 Nd7 9. b4 e5 10. Bg3 a5 11. a3 f5 12. O-O h6 13. h3 Kh7 14. Qb3 e4 15. Nd4 Nf6 16. Bd6 Re8 17. b5 Ne5 18. c4 a4 19. Qa2 Nf7 20. Bh2 Ng5 21. cxd5 Nxd5 22. Rac1 f4 23. Nc4 f3 24. gxf3 Nxh3+ 25. Kh1 Qh4 26. Bg3 Nxf2+ 27. Kg2 Qh3+ 28. Kxf2 Bxd4 29. Rh1 Qf5 30. exd4 exf3 31. Bxf3 Rf8 32. Ne5 Be6 33. Qd2 Rae8 34. Qxh6+ Kg8 35. Qh8# 1-0


[Site "https://www.chess.com"]

[Event "Titled Tuesday Blitz October 18 Late 2022"]
[White "Sabar, Ethmane Daouda"]
[Black "Petrova, Irina"]
[WhiteFideId "19600097"]
[BlackFideId "14124122"]
[WhiteElo "1950"]
[BlackElo "2023"]
[Result "0-1"]
[Round "10"]
[TimeControl "180+1"]
[Date "2022.10.19"]
[WhiteClock "0:00:18"]
[BlackClock "0:00:57"]

1. b3 d6 2. Bb2 e5 3. e3 Nc6 4. Bb5 Qg5 5. Qf3 Bd7 6. h4 Qg6 7. d3 h5 8. Nd2 Nge7 9. Ne2 a6 10. Bxc6 Nxc6 11. Qg3 Qg4 12. f3 Qxg3+ 13. Nxg3 O-O-O 14. O-O-O d5 15. Rde1 Bc5 16. Rhf1 f6 17. f4 exf4 18. exf4 Ne7 19. Nf3 Ng6 20. f5 Nf4 21. d4 Bd6 22. Rf2 Nd3+ 23. cxd3 Bxg3 24. Rfe2 Bxe1 25. Rxe1 Bxf5 26. Kd2 Rhe8 27. Rf1 g6 28. Ba3 Re6 29. Ng1 Rde8 30. Rc1 Re3 31. Rc3 Rg3 0-1


[Site "https://www.chess.com"]

[Event "Titled Tuesday Blitz October 18 Late 2022"]
[White "Sailer, Mike"]
[Black "Daeschler, Florian"]
[WhiteFideId "2012901"]
[BlackFideId "20678193"]
[WhiteElo "2109"]
[BlackElo "2187"]
[Result "0-1"]
[Round "10"]
[TimeControl "180+1"]
[Date "2022.10.19"]
[WhiteClock "0:00:02"]
[BlackClock "0:00:16"]

1. d4 Nf6 2. Bf4 d5 3. Nc3 c5 4. e4 cxd4 5. Qxd4 Nc6 6. Bb5 e6 7. O-O-O Bd7 8. Bxc6 bxc6 9. exd5 cxd5 10. Nf3 Rc8 11. Ne5 Bc5 12. Qd2 O-O 13. Bg5 Be7 14. h4 Be8 15. f4 Bb4 16. Rh3 Ne4 17. Bxd8 Nxd2 18. Rxd2 Rxd8 19. Rdd3 f6 20. Nf3 Bg6 21. Rd1 Bd6 22. Ne2 Rc8 23. c3 Bh5 24. Rd4 Rc7 25. Ra4 Rfc8 26. Rh1 Bg4 27. Rf1 h5 28. g3 Kf7 29. Ned4 Kg6 30. Nb5 Rd7 31. Nxd6 Rxd6 32. Rxa7 d4 33. Nxd4 Rxd4 34. Kb1 Rd2 35. a3 Rb8 36. b4 Rc8 37. Rc1 Rg2 38. c4 Rd8 39. Rc2 Rxg3 40. Kb2 Bd1 41. Rf2 Rb3+ 42. Ka2 Rc3 43. c5 Bf3 44. Rb2 Rdd3 45. a4 Bd5+ 46. Kb1 Rd1# 0-1


[Site "https://www.chess.com"]

[Event "Titled Tuesday Blitz October 18 Late 2022"]
[White "Sala, Giulia"]
[Black "Bettalli, Francesco"]
[WhiteFideId "2840451"]
[BlackFideId "2816453"]
[WhiteElo "1769"]
[BlackElo "2216"]
[Result "0-1"]
[Round "10"]
[TimeControl "180+1"]
[Date "2022.10.19"]
[WhiteClock "0:00:10"]
[BlackClock "0:00:47"]

1. e4 e6 2. d4 d5 3. Nc3 Bb4 4. Ne2 dxe4 5. a3 Bxc3+ 6. Nxc3 Nc6 7. d5 exd5 8. Qxd5 Be6 9. Qxd8+ Rxd8 10. Nxe4 Nd4 11. Bd3 Nb3 12. Rb1 Nxc1 13. Rxc1 b6 14. O-O Ne7 15. Ng5 Bd5 16. Rfe1 h6 17. Nh3 g5 18. f3 Be6 19. Nf2 O-O 20. Ne4 Kg7 21. Rcd1 Nd5 22. g3 Rfe8 23. Kf2 f5 24. Nd2 f4 25. Nc4 Bf7 26. Bf5 b5 27. Ne5 Ne3 28. Rxd8 Rxd8 29. Bd3 Bc4 30. Re2 Kf6 31. Bxc4 Kxe5 32. Bxb5 Rd1 33. Rxe3+ fxe3+ 34. Kxe3 Rh1 35. h4 gxh4 36. f4+ Kf6 37. g4 h3 38. Ke4 h2 39. Kf3 Rg1 0-1


[Site "https://www.chess.com"]

[Event "Titled Tuesday Blitz October 18 Late 2022"]
[White "Saravana, Krishnan P."]
[Black "Ozalp, Burak"]
[WhiteFideId "5018382"]
[BlackFideId "6314210"]
[WhiteElo "2155"]
[BlackElo "2106"]
[Result "1-0"]
[Round "10"]
[TimeControl "180+1"]
[Date "2022.10.19"]
[WhiteClock "0:01:08"]
[BlackClock "0:00:01"]

1. Nf3 Nf6 2. g3 g6 3. Bg2 Bg7 4. O-O O-O 5. d3 d5 6. Nbd2 c6 7. e4 Bg4 8. h3 Bxf3 9. Qxf3 e6 10. Qe2 e5 11. exd5 cxd5 12. d4 exd4 13. Nb3 Nc6 14. Rd1 Re8 15. Qb5 Ne4 16. Qxb7 Qf6 17. Bf4 g5 18. Bxe4 dxe4 19. Bxg5 Qxg5 20. Qxc6 e3 21. Qf3 exf2+ 22. Qxf2 Re3 23. Rd3 Rae8 24. Rf1 f5 25. Nd2 f4 26. Qxf4 Qxf4 27. gxf4 Rxd3 28. cxd3 Re3 29. Rf3 Re2 30. Nc4 Bf6 31. Kf1 1-0


[Site "https://www.chess.com"]

[Event "Titled Tuesday Blitz October 18 Late 2022"]
[White "Shuvalov, Evgenij"]
[Black "Martin Carmona, Gaston Manuel"]
[WhiteFideId "4187237"]
[BlackFideId "22284567"]
[WhiteElo "2049"]
[BlackElo "2235"]
[Result "1-0"]
[Round "10"]
[TimeControl "180+1"]
[Date "2022.10.19"]
[WhiteClock "0:01:30"]
[BlackClock "0:00:07"]

1. d4 Nf6 2. c4 g6 3. Nc3 Bg7 4. e4 d6 5. Nf3 O-O 6. Be2 e5 7. O-O exd4 8. Nxd4 Re8 9. f3 c6 10. Kh1 Qb6 11. Nb3 Qc7 12. Bf4 Bf8 13. c5 Rd8 14. Rc1 Be6 15. cxd6 Bxd6 16. Nb5 Bxf4 17. Nxc7 Rxd1 18. Nxa8 Rd8 19. Rcd1 Re8 20. g3 Be5 21. f4 Bxb2 22. Nc7 Rf8 23. Nxe6 fxe6 24. e5 Nd5 25. Rb1 Ba3 26. Nd4 b5 27. Nxe6 Re8 28. Nd4 Bc5 29. Nxc6 Nxc6 30. Rfc1 Bb6 31. Rxc6 Kg7 32. Bxb5 Rd8 33. Rd6 1-0


[Site "https://www.chess.com"]

[Event "Titled Tuesday Blitz October 18 Late 2022"]
[White "Souleidis, Georgios"]
[Black "Vlassov, Nikolai"]
[WhiteFideId "4206827"]
[BlackFideId "4103360"]
[WhiteElo "2401"]
[BlackElo "2324"]
[Result "0-1"]
[Round "10"]
[TimeControl "180+1"]
[Date "2022.10.19"]
[WhiteClock "0:00:01"]
[BlackClock "0:00:12"]

1. e4 c5 2. Be2 g6 3. d3 Bg7 4. f4 Nf6 5. Nf3 d5 6. e5 Ng4 7. c3 Nc6 8. O-O O-O 9. Na3 d4 10. Nc2 f6 11. cxd4 cxd4 12. h3 Nh6 13. exf6 Bxf6 14. Nd2 Nf5 15. Ne4 Qb6 16. Kh2 Be6 17. Bf3 Rad8 18. Qe2 Bf7 19. b3 Nh4 20. Ba3 Nxf3+ 21. Qxf3 Bg7 22. Qe2 Bd5 23. Ng5 Qc7 24. Ne6 Bxe6 25. Qxe6+ Kh8 26. g3 Rf6 27. Qe4 Rdf8 28. Rac1 Qd7 29. Nb4 Nxb4 30. Bxb4 Re6 31. Qg2 Re3 32. Rfe1 Rxd3 33. Rxe7 Qb5 34. Rxb7 Qf5 35. Rcc7 Rg8 36. Rf7 Qc8 37. Rbc7 Qd8 38. Rfd7 Qb8 39. Bd6 Re3 40. Be5 Qf8 41. Rxg7 Rxg7 42. Rxg7 Rxe5 43. fxe5 Kxg7 44. Qb7+ Kh6 45. Qd5 Qf2+ 46. Kh1 Qe1+ 47. Kg2 Qe2+ 48. Kg1 d3 49. Qd6 d2 50. Qf8+ Kh5 51. g4+ Kh4 52. Qf6+ Kg3 0-1


[Site "https://www.chess.com"]

[Event "Titled Tuesday Blitz October 18 Late 2022"]
[White "Tan, Ralph"]
[Black "Abdyzhapar, Asylbek"]
[WhiteFideId "30966590"]
[BlackFideId "13800337"]
[WhiteElo "2059"]
[BlackElo "2323"]
[Result "0-1"]
[Round "10"]
[TimeControl "180+1"]
[Date "2022.10.18"]
[WhiteClock "0:00:19"]
[BlackClock "0:01:53"]

1. Nf3 Nf6 2. g3 g6 3. Bg2 Bg7 4. O-O O-O 5. d4 d6 6. c4 Ne4 7. Nc3 Nxc3 8. bxc3 f5 9. Qb3 e5 10. c5+ Kh8 11. cxd6 cxd6 12. dxe5 dxe5 13. Ba3 Re8 14. Rfd1 Qf6 15. Rd6 Re6 16. Rad1 Nc6 17. Ng5 Rxd6 18. Nf7+ Qxf7 19. Qxf7 Rxd1+ 20. Bf1 Bd7 21. Kg2 e4 22. e3 Ne5 23. Qb3 Rd2 24. Bc1 Rd6 25. Be2 Bc6 26. h4 h5 27. Qb4 Rad8 28. Qa5 a6 29. c4 Nf3 30. c5 Rd5 31. Qc7 R8d7 32. Qc8+ Kh7 33. g4 hxg4 34. h5 gxh5 35. Qe8 Kh6 36. Qe6+ Kh7 37. Qe8 Nh4+ 38. Kg3 Ng6 39. Bc4 Rd1 40. Bf7 h4+ 41. Kg2 h3+ 42. Kh2 Be5+ 0-1


[Site "https://www.chess.com"]

[Event "Titled Tuesday Blitz October 18 Late 2022"]
[White "Tarnowska, Aleksandra"]
[Black "Yano, William Jorge Froes"]
[WhiteFideId "1180967"]
[BlackFideId "2112949"]
[WhiteElo "1776"]
[BlackElo "2122"]
[Result "0-1"]
[Round "10"]
[TimeControl "180+1"]
[Date "2022.10.19"]
[WhiteClock "0:00:02"]
[BlackClock "0:00:16"]

1. e4 e6 2. d4 d5 3. Nd2 h6 4. c3 Nf6 5. e5 Nfd7 6. Bd3 c5 7. Ne2 Nc6 8. Nf3 a6 9. O-O g5 10. Ng3 g4 11. Ne1 cxd4 12. cxd4 Nxd4 13. Qxg4 Nc6 14. f4 Nc5 15. Nh5 Qb6 16. Nf6+ Kd8 17. Kh1 Nxd3 18. Nxd3 Bd7 19. Qh5 Be8 20. f5 Qb5 21. Qh3 Nxe5 22. Nxe8 Kxe8 23. Rd1 Nxd3 24. Rxd3 e5 25. Bd2 Be7 26. Re1 Bf6 27. Rf3 Rc8 28. Qg3 d4 29. h3 Ke7 30. Bf4 Rc5 31. Bd2 Rhc8 32. Qf2 Rc2 33. Qxd4 Kf8 34. Bb4+ Kg7 35. Qg4+ Kh7 36. Qh5 R8c7 37. Qg5 Bxg5 38. Rc3 R2xc3 0-1


[Site "https://www.chess.com"]